 Dungeon Crawl Stone Soup version 0.24.1-14-gf8d2b509d9 (webtiles) character file.

Game seed: 6307246133251155678, levelgen mode: deterministic

28 Gruesph the Covered (level 3, 25/27 HPs)
             Began as a Demonspawn Wanderer on May 27, 2020.
             Quit the game on level 1 of the Dungeon.
             The game lasted 00:06:06 (1296 turns).

Gruesph the Covered (Demonspawn Wanderer)           Turns: 1296, Time: 00:06:07

Health: 25/27      AC:  6    Str: 12    XL:     3   Next: 0%
Magic:  4/4        EV: 10    Int: 17    God:
Gold:   83         SH:  0    Dex: 11    Spells: 3/4 levels left

rFire    . . .     SeeInvis .   l - +0 mace
rCold    . . .     Gourm    .   (no shield)
rNeg     . . .     Faith    .   b - +0 ring mail
rPois    .         Spirit   +   (no helmet)
rElec    .         Reflect  .   (no cloak)
rCorr    .         Harm     .   h - +0 pair of gloves
MR       .....                  (no boots)
Stlth    ++........             (no amulet)
HPRegen  0.09/turn              (no ring)
MPRegen  0.09/turn              (no ring)

@: no status effects
A: thin skeletal structure 1, magic shield
a: no special abilities


You were on level 1 of the Dungeon.
You were hungry.

You visited 1 branch of the dungeon, and saw 1 of its levels.

You collected 83 gold pieces.

Inventory:

Hand Weapons
 l - a +0 mace (weapon)
Missiles
 e - 42 stones (quivered)
Armour
 b - a +0 ring mail (worn)
 h - a +0 pair of gloves (worn)
Scrolls
 d - a scroll of fear {unknown}
 k - a scroll of enchant weapon {unknown}
 n - a scroll of remove curse {unknown}
 o - a scroll of teleportation {unknown}
Potions
 c - a potion of lignification
 g - a potion of haste {unknown}
 i - a potion of ambrosia {unknown}
 j - a potion of brilliance {unknown}
 m - a potion of resistance {unknown}
Comestibles
 f - 2 rations


   Skills:
 + Level 2.0 Fighting
 - Level 2.6 Armour
 - Level 2.0 Stealth
   Level 1.0 Shields
 - Level 1.0 Spellcasting
 - Level 1.7 Charms
   Level 1.7 Fire Magic


You had 3 spell levels left.
You knew the following spells:

 Your Spells              Type           Power        Failure   Level  Hunger
a - Infusion              Chrm           #...         22%         1    ##.....

Your spell library contained the following spells:

 Spells                   Type           Power        Failure   Level  Hunger
 Song of Slaying          Chrm           #.......     34%         2    ###....
 Shroud of Golubria       Chrm/Tloc      #.....       45%         2    ###....
 Regeneration             Chrm/Necr      #.........   69%         3    ####...
 Spectral Weapon          Hex/Chrm       #.......     69%         3    ####...


Dungeon Overview and Level Annotations

Branches:
Dungeon (1/15)

Altars:


Innate Abilities, Weirdness & Mutations

You have a somewhat thin skeletal structure. (Dex +2, Stealth)
When hurt, damage is shared between your health and your magic reserves.


Message History

Found two escape hatches in the floor.
There is an open door here.
Found a spear.
A goblin comes into view.
The goblin shouts!
The goblin barely misses you.
You closely miss the goblin. The goblin barely misses you.
You closely miss the goblin. The goblin closely misses you.
You closely miss the goblin. The goblin hits you.
The goblin hits you but does no damage.
You sock the goblin!
You kill the goblin!
Your Fighting skill increases to level 2!
You have reached level 3!
Your experience leads to an increase in your attributes!
Increase (S)trength, (I)ntelligence, or (D)exterity?
You feel stronger.
Your demonic ancestry asserts itself...
Your bones become slightly less dense.
You are feeling hungry.
Are you sure you want to abandon this character and quit the game? (Confirm with "yes".)

..# ..# #.# ########## #.#####
#........# #.....######........#
#..........#........#
#..........#........#
...........#........#
.......>...#....@...# ####### ##
.........).#........# #.....# #.
.#.........#...)....# #.....# #.
##.###.....#........# #.....###.
.#.# ##...#####.##### #......†..
...# #.#.### #..## #.....####
...####.#...# ##..# ##.....## #
........###.## ##.# #.......###
#...>.[......####.#####........##


There were no monsters in sight!

Vanquished Creatures
  3 dart slugs (D:1)
  3 goblins (D:1)
  3 hobgoblins (D:1)
  2 kobolds (D:1)
  7 bats (D:1)
  2 frilled lizards (D:1)
  A rat (D:1)
21 creatures vanquished.

Notes
Turn   | Place    | Note
-------+----------+-------------------------------------------
     0 | D:1      | Gruesph the Demonspawn Wanderer began the quest for the
                  | Orb.
     0 | D:1      | Gruesph set off with the following items: a +0 club, a +0
                  | ring mail, a potion of lignification, a ration; and the
                  | following spell memorised: Infusion; and the following
                  | spells available to memorise: Song of Slaying, Shroud of
                  | Golubria, Regeneration, Spectral Weapon
     0 | D:1      | Reached XP level 1. HP: 13/13 MP: 2/2
   511 | D:1      | Reached skill level 1 in Fighting
   606 | D:1      | Gained mutation: When hurt, damage is shared between your
                  | health and your magic reserves. [demonic ancestry]
   606 | D:1      | Reached XP level 2. HP: 21/21 MP: 3/3
  1295 | D:1      | Gained mutation: You have a somewhat thin skeletal
                  | structure. (Dex +2, Stealth) [demonic ancestry]
  1295 | D:1      | Reached XP level 3. HP: 25/27 MP: 4/4
  1296 | D:1      | Quit the game

Levels and vault maps discovered:
D:1:      evilmike_arrival_crescent, layout_rooms

Skill      XL: |  1  2 |
---------------+-------+-----
Fighting       | 1 2 |  2.0
Stealth        | 2 |  2.0
Armour         | |  2.6
Shields        | |  1.0
Spellcasting   | |  1.0
Charms         | |  1.7
Fire Magic     | |  1.7

Action                   || total
-------------------------++-------
Melee: Club              ||    76
       Mace              ||    19
Throw: Stone             ||    12
 Cast: Infusion          ||     2
  Eat: Chunk             ||     1
Armor: Ring mail         ||    91
Dodge: Dodged            ||    89
